[Event "*** Titled Tuesday Blitz"]
[Site "Chess.com"]
[Date "2020.05.12"]
[Round "1"]
[White "Efremov_Vlad"]
[Black "LuckSlayeer"]
[Result "1-0"]
[WhiteElo "2135"]
[BlackElo "2493"]
[TimeControl "180+1"]
[EndTime "10:06:52 PDT"]
[Termination "Efremov_Vlad won on time"]

1. c4 Nf6 2. d4 e6 3. Nf3 c5 4. d5 b5 5. dxe6 fxe6 6. e4 Nxe4 7. Bd3 Nf6 8. Ng5 Qe7 9. Bxh7 Rxh7 10. Nxh7 bxc4 11. Bg5 Qf7 12. Nxf8 Qxf8 13. O-O Nc6 14. Nc3 Nd4 15. Be3 e5 16. f4 d6 17. fxe5 dxe5 18. b3 cxb3 19. axb3 Qd6 20. Bxd4 exd4 21. Qf3 Rb8 22. Rae1+ Kf7 23. Ne4 Qe6 24. Nxf6 Qxf6 25.
Qe4 1-0

[Event "*** Titled Tuesday Blitz"]
[Site "Chess.com"]
[Date "2020.05.12"]
[Round "1"]
[White "FelixJoseYnojosa"]
[Black "PetrolulSah"]
[Result "1-0"]
[WhiteElo "2605"]
[BlackElo "2288"]
[TimeControl "180+1"]
[EndTime "10:06:53 PDT"]
[Termination "FelixJoseYnojosa won by resignation"]

1. e4 e5 2. Nf3 Nc6 3. Bc4 Bc5 4. Nc3 Nf6 5. d3 O-O 6. Bg5 h6 7. Bxf6 Qxf6 8. Nd5 Qd8 9. c3 d6 10. b4 Bb6 11. a4 a5 12. Nxb6 cxb6 13. b5 Ne7 14. h3 Ng6 15. Qb3 Nf4 16. O-O Qf6 17. Ne1 Nxh3+ 18. gxh3 Bxh3 19. d4 Qg6+ 20. Kh2 Bxf1 21.
Bxf1 Qxe4 22. Bg2 Qf4+ 23. Kg1 exd4 24. Qc4 Rac8 25. Qxd4 Qxd4 26. cxd4 Rc4 27. Bxb7 Rxd4 28. Nc2 Rd2 29. Ne3 f5 30. Nc4 Rd4 31. Nxb6 f4 32. Nd7 Rf7 33. Bc6 f3 34. Ra3 Rg4+ 35. Kf1 Rb4 36.
Rxf3 Rxa4 37. Bd5 Rd4 38. Bxf7+ Kh8 39. Bg6 1-0

[Event "*** Titled Tuesday Blitz"]
[Site "Chess.com"]
[Date "2020.05.12"]
[Round "1"]
[White "tamarozi99"]
[Black "TudorAnton"]
[Result "0-1"]
[WhiteElo "1954"]
[BlackElo "2476"]
[TimeControl "180+1"]
[EndTime "10:06:54 PDT"]
[Termination "TudorAnton won by resignation"]

1. e4 e5 2. Nf3 b6 3. Bc4 Qe7 4. O-O Bb7 5. Re1 Nc6 6. c3 O-O-O 7. b4 Kb8 8. a4 a5 9. b5 Na7 10. Ba3 Qe8 11. Bxf8 Qxf8 12. Nxe5 Nh6 13. d4 d6 14. Nf3 Nc8 15. Bd5 Bxd5 16. exd5 Ne7 17. c4 Ng6 18. Nc3 Re8 19. Rxe8+ Qxe8 20. Qe2 Qxe2 21. Nxe2 Re8 22. Kf1 Nf5 23. h3 f6 24. Rc1 h5 25. c5 Kb7 26.
cxb6 cxb6 27. Rc6 Nge7 28. g4 hxg4 29. hxg4 Nh6 30. g5 Nhf5 31. gxf6 gxf6 32. Nf4 Nxc6 33.
dxc6+ Ka7 34. d5 Re4 35. Ne6 Rxa4 36. Nd8 Rc4 37. Nd2 Rc5 38. Ne4 Rc2 39. Nxf6 a4 40.
Ne8 a3 41. c7 Rxc7 42. Nxc7 a2 43. Nc6+ Kb7 44. Ne6 a1=Q+ 45. Kg2 Qd1 46. Ncd8+ Kc8 47. Nf7 Qxd5+ 0-1

[Event "*** Titled Tuesday Blitz"]
[Site "Chess.com"]
[Date "2020.05.12"]
[Round "1"]
[White "FelixBlohberger"]
[Black "annamaja"]
[Result "1-0"]
[WhiteElo "2622"]
[BlackElo "2312"]
[TimeControl "180+1"]
[EndTime "10:06:55 PDT"]
[Termination "FelixBlohberger won on time"]

1. Nf3 Nf6 2. g3 b5 3. Bg2 Bb7 4. O-O e6 5. d3 Be7 6. e4 O-O 7.
Nd4 a6 8. e5 Bxg2 9. Kxg2 Nd5 10. Nf3 c5 11. c4 Nb6 12. b3 Nc6 13. Nc3 d6 14. exd6 Qxd6 15. Ne4 Qd7 16. Be3 Nd4 17.
Bxd4 cxd4 18. a4 bxa4 19. bxa4 f5 20. Ned2 g5 21. c5 Bxc5 22. Nxg5 Qd5+ 23. Kg1 h6 24. Nh3 e5 25. Qh5 Rf6 26. Rfe1 Bb4 27. Re2 Rc8 28. Nf3 e4 29. dxe4 Qc4 30. Nf4 fxe4 31. Rxe4 Qc3 32. Rd1 1-0

[Event "*** Titled Tuesday Blitz"]
[Site "Chess.com"]
[Date "2020.05.12"]
[Round "1"]
[White "JoachimMouhamad"]
[Black "AliKa2810"]
[Result "0-1"]
[WhiteElo "2209"]
[BlackElo "2551"]
[TimeControl "180+1"]
[EndTime "10:06:56 PDT"]
[Termination "AliKa2810 won by resignation"]

1. e4 e6 2. d4 d5 3. Nc3 Nf6 4. e5 Nfd7 5. f4 c5 6. Nf3 Be7 7. Be3 b6 8. Qd2 Bb7 9. Nd1 O-O 10. c3 f5 11. Bd3 Ba6 12. Nf2 Bxd3 13. Qxd3 Nc6 14.
O-O Rc8 15. Kh1 cxd4 16. Bxd4 Nc5 17. Bxc5 Bxc5 18. a3 Qd7 19. Nd4 Bxd4 20. cxd4 Ne7 21. Rac1 Qa4 22. Qd2 h6 23. h3 Rc4 24. Rxc4 dxc4 25.
g4 fxg4 26. hxg4 Qc6+ 27. Kh2 Qf3 28. f5 exf5 29. Qc3 Qe2 30. Qe1 Qf3 31. Qc3 Qxc3 32. bxc3 fxg4 33. Kg3 Nd5 34. Rc1 Rf3+ 35. Kg2 Nf4+ 36.
Kg1 Ne2+ 0-1

[Event "*** Titled Tuesday Blitz"]
[Site "Chess.com"]
[Date "2020.05.12"]
[Round "1"]
[White "axvesik"]
[Black "Ashedu66"]
[Result "1-0"]
[WhiteElo "2511"]
[BlackElo "2131"]
[TimeControl "180+1"]
[EndTime "10:06:56 PDT"]
[Termination "axvesik won by resignation"]

1. e4 e5 2. Nf3 Nc6 3. Bc4 Bc5 4. O-O Nf6 5. d3 a6 6. c3 Ba7 7. Nbd2 O-O 8. h3 b5 9. Bb3 d5 10. exd5 Nxd5 11. Ne4 f6 12. a4 Kh8 13. Re1 Qd6 14.
Ng3 Be6 15. Nh4 Nce7 16. Qe2 g5 17. Nf3 Nf4 18. Bxf4 gxf4 19. Ne4 Qd7 20. Nxf6 Rxf6 21. Qxe5 Ng8 22. Bxe6 Qg7 23. d4 Re8 24. d5 Rg6 25.
Qxg7+ Rxg7 26. axb5 Bb6 27. bxa6 Nf6 28. Ne5 f3 29. g4 Nh5 30. Nf7+ Rxf7 31. Bxf7 Rf8 32.
Bxh5 1-0

[Event "*** Titled Tuesday Blitz"]
[Site "Chess.com"]
[Date "2020.05.12"]
[Round "1"]
[White "AttilaTurzo"]
[Black "WiktoriaPOL"]
[Result "1-0"]
[WhiteElo "2488"]
[BlackElo "2022"]
[TimeControl "180+1"]
[EndTime "10:06:57 PDT"]
[Termination "AttilaTurzo won on time"]

1. e4 c5 2. Nf3 d6 3. d4 cxd4 4. Nxd4 Nf6 5. Nc3 a6 6. Be3 e5 7. Nf3 Be7 8. Bc4 Nc6 9. Bg5 O-O 10. O-O h6 11. Bxf6 Bxf6 12. Nd2 b5 13. Bd5 Bb7 14. Re1 Na5 15. Bxb7 Nxb7 16. Nf1 Nc5 17.
f3 Rc8 18. Nd5 Na4 19. Rb1 Nb6 20. Kh1 Nxd5 21. exd5 Bh4 22. g3 Be7 23. c3 f5 24. Qd3 f4 25. g4 Qe8 26. Kg2 h5 27. h3 Bh4 28. Re2 hxg4 29. hxg4 g5 30. Nd2 Kg7 31.
Rh1 Qg6 32. Qxg6+ Kxg6 33. Ne4 Rcd8 34. c4 bxc4 35. Rc2 c3 36. Rxc3 Rf7 37. Rc6 Rb7 38. b3 a5 39. Nxd6 Rbd7 40. Nb7+ Kg7 41. Nxd8 Rxd8 42.
d6 Kf6 43. d7+ Ke7 44. Rd1 Rxd7 45. Rxd7+ Kxd7 46. Ra6 1-0

[Event "*** Titled Tuesday Blitz"]
[Site "Chess.com"]
[Date "2020.05.12"]
[Round "1"]
[White "yobdc"]
[Black "witcher8"]
[Result "1-0"]
[WhiteElo "1781"]
[BlackElo "2426"]
[TimeControl "180+1"]
[EndTime "10:06:59 PDT"]
[Termination "yobdc won by checkmate"]

1. e4 c6 2. c4 d5 3. exd5 cxd5 4. cxd5 Nf6 5. Qa4+ Nbd7 6. Nc3 g6 7. Nf3 Bg7 8. Bc4 O-O 9. d3 a6 10. Qa3 b6 11. O-O Bb7 12. Bg5 Re8 13. Rfe1 b5 14.
Bb3 Nb6 15. Re2 Nfxd5 16. Nxd5 Nxd5 17. Rae1 f6 18. Bd2 e5 19. d4 Kh8 20. dxe5 b4 21. Bxb4 Nxb4 22. Qxb4 Bxf3 23. gxf3 Rxe5 24. Rxe5 fxe5 25.
Qe4 Rc8 26. Rd1 Qb6 27. Rd7 Qf6 28. h4 h5 29. Rf7 Qd6 30. Kg2 Rc1 31. Qa8+ Kh7 32.
Rxg7+ Kxg7 33. Qg8+ Kf6 34. Qf7# 1-0

[Event "*** Titled Tuesday Blitz"]
[Site "Chess.com"]
[Date "2020.05.12"]
[Round "1"]
[White "Bossche-CM"]
[Black "Radzio1987"]
[Result "0-1"]
[WhiteElo "2444"]
[BlackElo "2878"]
[TimeControl "180+1"]
[EndTime "10:07:00 PDT"]
[Termination "Radzio1987 won by resignation"]

1. e4 c6 2. c4 d5 3. cxd5 cxd5 4. exd5 Nf6 5. Nc3 Nxd5 6. Nf3 Nxc3 7. bxc3 g6 8. d4 Bg7 9. Be2 Nc6 10. O-O O-O 11. Bf4 Bf5 12. Qa4 Rc8 13. Rac1 Be4 14. Rfd1 Qa5 15. Qxa5 Nxa5 16. Ne5 Rfd8 17. Bf3 Bxe5 18.
dxe5 Bxf3 19. gxf3 Nc4 20. Rd4 e6 21. Bg5 Rxd4 22.
cxd4 Kf8 23. Kf1 Ke8 24. Ke2 Kd7 25. Rc2 Nb6 26. Rb2 Rc7 27. Bd2 Nd5 28. Kd3 b6 29. Rb1 h5 30. h4 Ne7 31. Rb2 Nf5 32. Bg5 Kc6 33. Rc2+ Kb7 34. d5 Rxc2 35. dxe6 Rc7 36. exf7 Rxf7 37. e6 Rf8 38. Ke4 Kc6 39. Ke5 Ng7 40.
e7 Rf5+ 41. Ke4 Kd7 42. Bh6 Ne6 0-1

[Event "*** Titled Tuesday Blitz"]
[Site "Chess.com"]
[Date "2020.05.12"]
[Round "1"]
[White "Misticpikachu"]
[Black "Kirill_Klukin"]
[Result "0-1"]
[WhiteElo "2360"]
[BlackElo "2702"]
[TimeControl "180+1"]
[EndTime "10:07:00 PDT"]
[Termination "Kirill_Klukin won on time"]

1. c4 e5 2. g3 Nf6 3. Bg2 d5 4. cxd5 Nxd5 5. Nf3 Nc6 6. O-O Nb6 7. b3 Be7 8. Bb2 Bf6 9. Nc3 Bf5 10. d3 O-O 11.
Ne4 Bxe4 12. dxe4 Qe7 13. Qc2 Rfd8 14. Rfd1 Nd4 15. Nxd4 exd4 16. f4 d3 17. exd3 Bd4+ 18. Kh1 c6 19. Rac1 Rd7 20. Bxd4 Rxd4 21. Qc5 Qd7 22. Bh3 Qd8 23. Qc3 Qd6 24. e5 Qd5+ 25. Bg2 Qd7 26. Bh3 Qd8 27. Bg2 a5 28. Be4 a4 29. b4 a3 30. Qc5 Na4 31. Qc2 Rxb4 32. Rb1 Rb2 33. Qc4 Qb6 34. d4 Qb5 35. Qxb5 cxb5 36. Rxb2 axb2 37. Rb1 Rc8 38. h4 Rc1+ 39. Kh2 Kf8 40. Kh3 Ke7 41. Kg4 Rxb1 0-1

[Event "*** Titled Tuesday Blitz"]
[Site "Chess.com"]
[Date "2020.05.12"]
[Round "1"]
[White "DishonorOnYourCow"]
[Black "Rud_Makarian"]
[Result "1-0"]
[WhiteElo "2339"]
[BlackElo "2626"]
[TimeControl "180+1"]
[EndTime "10:07:01 PDT"]
[Termination "DishonorOnYourCow won by resignation"]

1. d4 Nf6 2. c4 g6 3. Nc3 Bg7 4. e4 d6 5. f4 O-O 6. Nf3 c5 7. d5 e6 8. dxe6 fxe6 9. Bd3 Nc6 10. O-O e5 11. fxe5 dxe5 12. Bg5 Bg4 13. Nd5 Qd6 14. h3 Bxf3 15. Rxf3 Nd4 16. Rf1 Nxd5 17. exd5 e4 18. Rxf8+ Rxf8 19. Bxe4 Qe5 20. Qg4 Ne2+ 21. Qxe2 Qxg5 22.
Bf3 Bd4+ 23. Kh1 Qg3 24. Re1 Rxf3 25. gxf3 Qxh3+ 26. Qh2 Qxf3+ 27. Qg2 Qf4 28. Rf1 Qh4+ 29. Qh2 Qe4+ 30. Qg2 Qe5 31. Qf3 h5 32. Qf7+ Kh8 33.
Qf8+ Kh7 34. Rf7+ 1-0

[Event "*** Titled Tuesday Blitz"]
[Site "Chess.com"]
[Date "2020.05.12"]
[Round "1"]
[White "fridaywins"]
[Black "Gentlejimmy7"]
[Result "0-1"]
[WhiteElo "2214"]
[BlackElo "2553"]
[TimeControl "180+1"]
[EndTime "10:07:01 PDT"]
[Termination "Gentlejimmy7 won by resignation"]

1. e4 c5 2. Nf3 Nc6 3. Bb5 g6 4. Bxc6 dxc6 5. h3 Bg7 6. Nc3 e5 7. d3 Qe7 8. Be3 Nf6 9. Qd2 Nd7 10. Bh6 Qf8 11. Bxg7 Qxg7 12. Nd1 Nf8 13. Qc3 f6 14. Ne3 Ne6 15. b4 cxb4 16. Qxb4 Qe7 17. a3 a5 18.
Qxe7+ Kxe7 19. Nc4 b5 20. Nb6 Ra6 21. Nxc8+ Rxc8 22. a4 b4 23. O-O-O c5 24. Nd2 Nd4 25. Nc4 Ne2+ 26.
Kb2 Nc3 27. Ra1 Ke6 28. Kb3 Ne2 29. Rhf1 Rb8 30. Rae1 Nd4+ 31. Kb2 g5 32. g3 h5 33. f4 g4 34. fxe5 Nf3 35. Re2 fxe5 36. hxg4 hxg4 37. Ne3 b3 38. c3 Rd6 39. Nd5 Rh8 40. c4 Rd7 41. Kxb3 Nd4+ 42. Kc3 Nxe2+ 43. Kd2 Rf7 44. Kxe2 Rxf1 45. Kxf1 Rh2 46. Ne3 Ra2 47. Nxg4 Rxa4 48.
Ke2 Rb4 49. Ne3 a4 50. Nd5 a3 0-1

[Event "*** Titled Tuesday Blitz"]
[Site "Chess.com"]
[Date "2020.05.12"]
[Round "1"]
[White "Juanovic"]
[Black "Shukh_Nikolay"]
[Result "0-1"]
[WhiteElo "2166"]
[BlackElo "2520"]
[TimeControl "180+1"]
[EndTime "10:07:01 PDT"]
[Termination "Shukh_Nikolay won by resignation"]

1. e4 e5 2. Nf3 Nc6 3. Bb5 a6 4. Bxc6 dxc6 5. O-O Bd6 6. d4 exd4 7. Nxd4 Ne7 8. c4 c5 9. Nf3 f6 10. h3 O-O 11.
Nc3 Be6 12. b3 Nc6 13. Bb2 Nd4 14. Nd5 Nxf3+ 15. Qxf3 c6 16. Nf4 Bf7 17. Rad1 Qe7 18. Rfe1 Rad8 19. Nd3 Qc7 20. Qe3 b5 21. e5 fxe5 22.
Bxe5 bxc4 23. Nxc5 Bxe5 24. Rxd8 Bh2+ 25. Kh1 Rxd8 26.
g3 cxb3 27. axb3 Re8 28. Qc3 Bxg3 29. fxg3 Bd5+ 30. Kh2 Rf8 31. Re2 Rf1 32. Ne4 Qf7 33.
Qe3 h6 34. Kg2 Rf5 35. Kh2 Re5 36. Qd3 Rxe4 37. Rxe4 Qf2+ 38. Kh1 Qe1+ 39. Kh2 Bxe4 0-1

[Event "*** Titled Tuesday Blitz"]
[Site "Chess.com"]
[Date "2020.05.12"]
[Round "1"]
[White "GukeshDommaraju"]
[Black "Oligan22"]
[Result "1-0"]
[WhiteElo "2749"]
[BlackElo "2395"]
[TimeControl "180+1"]
[EndTime "10:07:02 PDT"]
[Termination "GukeshDommaraju won by resignation"]

1. e4 c6 2. d4 d5 3. exd5 cxd5 4. Bd3 Nc6 5. c3 Nf6 6. Bf4 Bg4 7. Qb3 Qd7 8. Nd2 e6 9. Ngf3 Bd6 10. Ne5 Qc7 11.
O-O O-O 12. h3 Bf5 13. Bxf5 exf5 14. Ndf3 Ne7 15. Bg5 Rad8 16. Bxf6 gxf6 17. Nd3 Ng6 18. Kh1 Bf4 19. Rae1 b6 20. Qa4 Kg7 21. Re2 Qc4 22. Qc2 Rfe8 23. Rfe1 Rxe2 24. Rxe2 Bh6 25. b3 Qc7 26.
Re1 Rc8 27. Nb4 Qxc3 28. Qxf5 Qxb4 29. Qxc8 Bd2 30. Rd1 Bc3 31. Qf5 Qa5 32. a4 Qb4 33.
Qxd5 Nf4 34. Qc4 Qa5 35. d5 Be5 36. Nxe5 fxe5 37. g3 Ng6 38. d6 a6 39. d7 1-0

[Event "*** Titled Tuesday Blitz"]
[Site "Chess.com"]
[Date "2020.05.12"]
[Round "1"]
[White "Ceejay271"]
[Black "WhiteKnight2612"]
[Result "0-1"]
[WhiteElo "2353"]
[BlackElo "2682"]
[TimeControl "180+1"]
[EndTime "10:07:02 PDT"]
[Termination "WhiteKnight2612 won on time"]

1. d4 d5 2. c4 dxc4 3. Nf3 Nf6 4.
e3 e6 5. Bxc4 b6 6. O-O Be7 7.
Qe2 Bb7 8. Nc3 O-O 9. Rd1 Nbd7 10. b3 a6 11. Bb2 b5 12. Bd3 Nb6 13. Rac1 h6 14.
e4 Rc8 15. a3 Qe8 16. b4 Rd8 17. h3 Nfd7 18. Nd2 Ra8 19. Nb3 Rc8 20. Nc5 Nxc5 21. dxc5 Nd7 22. a4 c6 23. e5 a5 24. bxa5 Nxc5 25.
axb5 Nxd3 26. Qxd3 cxb5 27. Qxb5 Bc6 28. Qe2 Bb4 29.
a6 Qe7 30. Ne4 Bd5 31. Nd6 Ra8 32. Rxd5 exd5 33. Qg4 Qg5 0-1

[Event "*** Titled Tuesday Blitz"]
[Site "Chess.com"]
[Date "2020.05.12"]
[Round "1"]
[White "ViktoriyaTarasova"]
[Black "GianmarcoVaR"]
[Result "0-1"]
[WhiteElo "2200"]
[BlackElo "2539"]
[TimeControl "180+1"]
[EndTime "10:07:02 PDT"]
[Termination "GianmarcoVaR won by checkmate"]

1. d4 Nf6 2. c4 e6 3. Nc3 Bb4 4. Qc2 d6 5. Nf3 c5 6. dxc5 Bxc5 7. Bg5 Nbd7 8. e3 h6 9. Bh4 Qa5 10. Bd3 Bb4 11. O-O Bxc3 12. bxc3 O-O 13. Nd4 Qc5 14. f4 b6 15. Nb3 Qxe3+ 16. Kh1 Bb7 17.
Rae1 Qh3 18. Bg3 Rac8 19. Kg1 Qh5 20. f5 e5 21. h4 Qg4 22. Re3 Qh5 23. Be2 Ng4 24.
Rd3 Be4 25. Qd1 Ndf6 26. Rxd6 Bxf5 27. Bxe5 Qxh4 28. Rxf5 Ne3 29. Bxf6 Qg3 30. Qd4 Qxg2# 0-1

[Event "*** Titled Tuesday Blitz"]
[Site "Chess.com"]
[Date "2020.05.12"]
[Round "1"]
[White "OMGCovid-19"]
[Black "GMsKoRPioN"]
[Result "0-1"]
[WhiteElo "1913"]
[BlackElo "2475"]
[TimeControl "180+1"]
[EndTime "10:07:02 PDT"]
[Termination "GMsKoRPioN won by resignation"]

1. d4 d6 2. Nf3 g6 3. Bg5 Bg7 4. e3 Nf6 5. Nbd2 O-O 6. c4 Nc6 7. Be2 e5 8. d5 Nb8 9. O-O a5 10.
Ne4 Nbd7 11. Nfd2 h6 12. Bh4 g5 13. Bg3 Nxe4 14. Nxe4 f5 15. Nc3 f4 16. exf4 exf4 17.
Bd3 fxg3 18. fxg3 Ne5 19. Bc2 Rxf1+ 20. Qxf1 Bd7 21. Qe2 Ng4 22. Qd3 Nf6 23. Re1 c6 24. Ne4 Qb6+ 25. Kh1 Rf8 26. Nxf6+ Rxf6 27. Qh7+ Kf8 28.
h4 Qf2 29. Re6 Bxe6 30. dxe6 gxh4 31. Bg6 Qe1+ 0-1

[Event "*** Titled Tuesday Blitz"]
[Site "Chess.com"]
[Date "2020.05.12"]
[Round "1"]
[White "mishanick"]
[Black "x-5963514717"]
[Result "1-0"]
[WhiteElo "2965"]
[BlackElo "2461"]
[TimeControl "180+1"]
[EndTime "10:07:03 PDT"]
[Termination "mishanick won by resignation"]

1. d4 Nf6 2. c4 g6 3. Nc3 d5 4. cxd5 Nxd5 5. e4 Nxc3 6. bxc3 Bg7 7.
Nf3 c5 8. Rb1 O-O 9. Be2 b6 10.
O-O Bb7 11. d5 Bxc3 12. h4 Nd7 13. h5 Bg7 14. Bf4 Nf6 15. h6 Bh8 16. Ng5 Qd7 17. Qb3 Rad8 18. Rbd1 Nxe4 19. Nxe4 Qf5 20. Qe3 Rxd5 21.
Ng3 Qf6 22. Bc4 Rd4 23. Rxd4 cxd4 24. Qc1 Rc8 25. Ne4 Bxe4 26. Bxf7+ Kxf7 27. Qxc8 Qxf4 28. Qxh8 Qxh6 29. Qxd4 Bf5 30. Qa4 a5 31. Qb3+ Kg7 32.
Qxb6 Qd2 33. a3 e6 34. Qe3 Qd5 35. Rc1 h5 36. Rc7+ Kf6 37. Rc5 Qd1+ 38. Kh2 Qd6+ 39. f4 g5 40. Qe5+ Qxe5 41. fxe5+ Kg6 42. Rxa5 1-0

[Event "*** Titled Tuesday Blitz"]
[Site "Chess.com"]
[Date "2020.05.12"]
[Round "1"]
[White "AustrianFalcon"]
[Black "ToivoK3"]
[Result "1/2-1/2"]
[WhiteElo "2454"]
[BlackElo "2887"]
[TimeControl "180+1"]
[EndTime "10:07:03 PDT"]
[Termination "Game drawn by repetition"]

1. e4 c5 2. Nf3 g6 3. c4 Bg7 4. d4 cxd4 5. Nxd4 Qb6 6. Nb5 a6 7. Be3 Qd8 8. Nd4 Nc6 9. Nc3 d6 10. f3 Nf6 11. Qd2 O-O 12. Be2 Nxd4 13. Bxd4 Be6 14.
Rc1 Qa5 15. b3 Rfc8 16. O-O b5 17. cxb5 axb5 18. Rfd1 b4 19. Na4 Nd7 20. Bxg7 Kxg7 21. Rxc8 Rxc8 22. Rc1 Nc5 23. Nxc5 Rxc5 24. Qd4+ f6 25.
Rxc5 dxc5 26. Qd2 Qb6 27. Bc4 Bxc4 28. bxc4 Qe6 29. Qd5 Qxd5 30. exd5 Kf7 31. Kf2 Ke8 32. Ke3 Kd7 33. f4 Kc7 34. Kd3 Kd6 35. g4 e6 36. dxe6 Kxe6 37. Ke4 f5+ 38. gxf5+ gxf5+ 39. Ke3 Ke7 40. h4 Kd7 41. Kd3 Kc7 42. Kc2 Kb6 43. Kb3 Ka5 44. a3 h5 45. axb4+ cxb4 46. Kc2 Ka4 47. Kb2 b3 48. c5 Kb5 49. Kxb3 Kxc5 50.
Kc3 Kd5 51. Kd3 Kc5 52. Kc3 Kc6 53. Kd4 Kd6 54. Kc4 Kc6 55. Kd4 Kd6 56. Kc4 Kc6 57. Kd4 1/2-1/2

[Event "*** Titled Tuesday Blitz"]
[Site "Chess.com"]
[Date "2020.05.12"]
[Round "1"]
[White "anon102030"]
[Black "SaqoChess_Twitch"]
[Result "1-0"]
[WhiteElo "2744"]
[BlackElo "2394"]
[TimeControl "180+1"]
[EndTime "10:07:03 PDT"]
[Termination "anon102030 won by resignation"]

1. e4 c5 2. Nc3 d6 3. g3 Nc6 4. Bg2 g6 5. d3 Bg7 6. Be3 e6 7. Nf3 Nge7 8. d4 cxd4 9. Nxd4 O-O 10. O-O d5 11. exd5 exd5 12. Re1 h6 13. Qd2 Bd7 14.
Nxc6 bxc6 15. Bxh6 Bxh6 16. Qxh6 Nf5 17. Qd2 Kg7 18.
Na4 Qf6 19. Nc5 Bc8 20. c3 Rh8 21. Qf4 a5 22. Rad1 g5 23. Qe5 Qxe5 24. Rxe5 f6 25.
Re2 Kf7 26. Rxd5 cxd5 27. Bxd5+ Kg6 28. Bxa8 Ba6 29. Nxa6 Rxa8 30. Nc5 Rc8 31. b4 axb4 32. cxb4 Nd4 33. Rb2 g4 34. Kg2 Re8 35. h3 f5 36.
Nd3 Nf3 37. Rb1 Rd8 38. Nf4+ Kg5 39. b5 Rh8 40. h4+ Nxh4+ 41. gxh4+ Kxf4 42. b6 Ke4 43. b7 Rb8 44. a4 f4 45. a5 g3 46. fxg3 f3+ 47.
Kf2 1-0

[Event "*** Titled Tuesday Blitz"]
[Site "Chess.com"]
[Date "2020.05.12"]
[Round "1"]
[White "tufferguy"]
[Black "Volodar_Murzin"]
[Result "0-1"]
[WhiteElo "2374"]
[BlackElo "2710"]
[TimeControl "180+1"]
[EndTime "10:07:03 PDT"]
[Termination "Volodar_Murzin won on time"]

1. e4 c6 2. d4 d5 3. e5 Bf5 4. Bd3 Bxd3 5. Qxd3 e6 6. Ne2 Qa5+ 7. Nbc3 Qa6 8. Qh3 Ne7 9. a4 Nd7 10. O-O Rc8 11.
Be3 Qb6 12. b3 a6 13. a5 Qc7 14. b4 Nf5 15. Rab1 Be7 16. f4 h5 17. Bf2 Rh6 18.
Ng3 g6 19. Nxf5 exf5 20. e6 fxe6 21. Rfe1 Kf7 22. Qe3 Qd6 23. Na4 Rc7 24. Kf1 Nf6 25.
Nc5 Ne4 26. Kg1 Rh8 27. c3 Re8 28.
Qf3 Bf6 29. Qd3 Rce7 30. h4 Qxf4 31. g3 Qd6 0-1

[Event "*** Titled Tuesday Blitz"]
[Site "Chess.com"]
[Date "2020.05.12"]
[Round "1"]
[White "alexsergeyev"]
[Black "Zurability"]
[Result "1-0"]
[WhiteElo "2358"]
[BlackElo "2656"]
[TimeControl "180+1"]
[EndTime "10:07:03 PDT"]
[Termination "alexsergeyev won by resignation"]

1. c4 e5 2. Nc3 Nf6 3. Nf3 Nc6 4.
d3 Bb4 5. Bd2 O-O 6. e3 Re8 7.
Be2 Bf8 8. O-O d6 9. Rc1 Bf5 10. e4 Bg4 11. Nd5 Nd7 12. Be3 Nc5 13. Nd2 Bxe2 14.
Qxe2 Nd4 15. Bxd4 exd4 16. g3 c6 17. Nf4 g6 18. b4 Nd7 19. Nb3 Bg7 20. Qc2 Qb6 21.
a3 Ne5 22. Kg2 Nd7 23. c5 Qa6 24. cxd6 Qxa3 25. Nc5 Ne5 26. Ne2 Qxb4 27. Rb1 Qa3 28. Ra1 Qb4 29. Rfb1 Nxd3 30. Rxb4 Nxb4 31. Qb3 a5 32. d7 Red8 33. Nxb7 Rxd7 34. Rxa5 Rxa5 35. Nxa5 c5 36. Nc4 d3 37. Nc3 d2 38. Nd1 Rd3 39.
Qa4 Bd4 40. Qe8+ Kg7 41. Nd6 1-0

[Event "*** Titled Tuesday Blitz"]
[Site "Chess.com"]
[Date "2020.05.12"]
[Round "1"]
[White "GasconJR"]
[Black "chesslh19"]
[Result "0-1"]
[WhiteElo "2506"]
[BlackElo "2189"]
[TimeControl "180+1"]
[EndTime "10:07:03 PDT"]
[Termination "chesslh19 won on time"]

1. d4 Nf6 2. c4 e6 3. Nc3 d5 4. Nf3 c5 5. cxd5 cxd4 6. g3 dxc3 7. bxc3 Nxd5 8. Bd2 Be7 9. Bg2 O-O 10. O-O Nc6 11.
Rb1 Rb8 12. Qc2 Nf6 13. Rfd1 Qa5 14. c4 Qf5 15. Qc1 Ne4 16. Be3 b6 17. h3 Bb7 18.
Rd7 Rfd8 19. Rxb7 Rxb7 20. Rb5 Bc5 21. g4 Qf6 22. Rb3 Rbd7 23. Qc2 Bxe3 24. Rxe3 Nc5 25.
h4 Nd4 26. Nxd4 Qxd4 27. Kh2 g6 28. Rg3 Qd2 29. Qc1 Qxc1 0-1

[Event "*** Titled Tuesday Blitz"]
[Site "Chess.com"]
[Date "2020.05.12"]
[Round "1"]
[White "LikeWater"]
[Black "CroissantNeuf"]
[Result "1-0"]
[WhiteElo "2696"]
[BlackElo "2357"]
[TimeControl "180+1"]
[EndTime "10:07:06 PDT"]
[Termination "LikeWater won by resignation"]

1. e4 c6 2. Nc3 d5 3. Qf3 dxe4 4.
Nxe4 Nf6 5. Bc4 Nbd7 6. d4 Nb6 7. Bd3 Qxd4 8. Ne2 Qd8 9. Bg5 Nxe4 10. Bxe4 Be6 11. Rd1 Bd5 12. c4 Nxc4 13. Bxd5 Qa5+ 14. b4 Qxb4+ 15. Bd2 Nxd2 16. Bxc6+ Kd8 17. Rxd2+ Qxd2+ 18. Kxd2 bxc6 19. Qxc6 Rc8 20. Qd5+ Ke8 21. Qb5+ Kd8 22. Nd4 e6 23. Nc6+ Kc7 24. Rc1 Ba3 25. Qa5+ Kd7 26. Ne5+ Kd6 27. Nxf7+ Ke7 28. Qxa7+ Kf6 29. Rxc8 Rxc8 30.
Qxa3 Kxf7 31. Qa7+ 1-0

[Event "*** Titled Tuesday Blitz"]
[Site "Chess.com"]
[Date "2020.05.12"]
[Round "1"]
[White "vanea_03"]
[Black "Denis_Palkovich"]
[Result "1-0"]
[WhiteElo "2619"]
[BlackElo "2297"]
[TimeControl "180+1"]
[EndTime "10:07:06 PDT"]
[Termination "vanea_03 won on time"]

1. d4 d5 2. c4 Bf5 3. Nf3 e6 4. Nc3 Bb4 5. Bd2 Nf6 6. a3 Bxc3 7. Bxc3 O-O 8. e3 Ne4 9. Be2 Nxc3 10. bxc3 Nc6 11.
O-O dxc4 12. Bxc4 Na5 13. Be2 c5 14. Qa4 Qc7 15. Ne5 Rfd8 16. Rac1 f6 17. Nf3 b6 18. Rfd1 Be4 19. Nd2 Bc6 20. Bb5 Qd7 21. Bxc6 Qxc6 22. Qxc6 Nxc6 23. dxc5 bxc5 24. Nc4 Kf8 25. f4 Ke7 26.
Kf2 Rxd1 27. Rxd1 Rb8 28. Ke2 Rb3 29. Kd2 Rb8 30. Kc2 h5 31. g3 g6 32. e4 Rd8 33. Rb1 Rb8 34. Re1 Rb5 35. a4 Rb8 36. e5 fxe5 37. Nxe5 Nxe5 38. Rxe5 Kd6 39. Rg5 Rg8 40. Kd3 Rg7 41. Kc4 Rg8 42. a5 h4 43.
Rxc5 hxg3 44. hxg3 Rh8 45. Rg5 1-0

[Event "*** Titled Tuesday Blitz"]
[Site "Chess.com"]
[Date "2020.05.12"]
[Round "1"]
[White "RATNAKARAN"]
[Black "LivajaM"]
[Result "1-0"]
[WhiteElo "2582"]
[BlackElo "2261"]
[TimeControl "180+1"]
[EndTime "10:07:06 PDT"]
[Termination "RATNAKARAN won on time"]

1. e4 c5 2. Nf3 Nc6 3. Bb5 g6 4. O-O Bg7 5. Re1 e5 6. c3 a6 7. Bxc6 dxc6 8. h3 Qc7 9. d3 Nf6 10. a4 O-O 11. a5 Re8 12. Be3 Qe7 13. Nbd2 h6 14. Nc4 Nh5 15. Qd2 Kh7 16. Ra4 Rb8 17. Rea1 g5 18. Ne1 Nf4 19. f3 Be6 20. Qf2 Bf8 21.
Kh2 f6 22. Rd1 Red8 23. Rd2 Rd7 24. Nb6 Rdd8 25. Ra1 Bb3 26. g3 Ng6 27. c4 Qe6 28. Ra3 Bxc4 29. dxc4 Rd4 30. Rad3 Rbd8 31. Bxd4 cxd4 32.
Nc2 h5 33. f4 gxf4 34. gxf4 Nxf4 35. Nxd4 Rxd4 36. Rxd4 Qxh3+ 37. Kg1 Qg4+ 38. Kf1 Bc5 39. Rd7+ Kg6 40. Qxc5 Qf3+ 41. Qf2 Qh3+ 42. Ke1 Qh1+ 43. Qf1 Qxe4+ 44. Re2 Qb1+ 45. Rd1 1-0

[Event "*** Titled Tuesday Blitz"]
[Site "Chess.com"]
[Date "2020.05.12"]
[Round "1"]
[White "novocane"]
[Black "DamianoLew95"]
[Result "0-1"]
[WhiteElo "2239"]
[BlackElo "2572"]
[TimeControl "180+1"]
[EndTime "10:07:08 PDT"]
[Termination "DamianoLew95 won by resignation"]

1. d4 d5 2. c4 c6 3. cxd5 cxd5 4. Bf4 Nc6 5. e3 Nf6 6. Nc3 a6 7. Be2 Bf5 8. g4 Be4 9. f3 Bg6 10. h4 h6 11. Nh3 e6 12. Nf2 h5 13. g5 Nd7 14. Bg3 Be7 15. Nd3 Rc8 16. Qd2 Nb4 17.
a3 Nxd3+ 18. Bxd3 Bxd3 19. Qxd3 g6 20. Be5 Nxe5 21. dxe5 Qb6 22. Rh2 O-O 23. f4 Rc4 24. Re2 Rfc8 25. Kf2 d4 26. Ne4 dxe3+ 27. Qxe3 Qc6 28.
Nf6+ Bxf6 29. exf6 Kh7 30. Rd1 Qc7 31. Kg3 Rd8 32. Red2 Rxd2 33. Rxd2 Rc1 34. Qf3 Qb6 35.
Rg2 Re1 36. f5 Re3 37. Rf2 Rxf3+ 38. Rxf3 gxf5 0-1